 Dungeon Crawl Stone Soup version 0.18.1-2-ga659475 (webtiles) character file.

1813 oplop the Covert (level 9, -5/49 HPs)
             Began as a Vine Stalker Assassin on May 8, 2016.
             Was a Follower of Ru.
             Killed from afar by an orc warrior (23 damage)
             ... with a wand of lightning
             ... on level 6 of the Dungeon.
             The game lasted 00:14:15 (5962 turns).

oplop the Covert (Vine Stalker Assassin)            Turns: 5962, Time: 00:14:16

Health: -5/49      AC:  6    Str: 13    XL:     9   Next: 10%
Magic:  0/10       EV:  6    Int: 11    God:    Ru [*.....]
Gold:   308        SH:  5    Dex: 20    Spells: 0 memorised, 8 levels left

rFire  . . .     SeeInvis .     C - +0 dagger (venom)
rCold  . . .     Gourm    .     c - +0 robe
rNeg   . . .     Faith    .     k - +0 buckler
rPois  .         Spirit   +     q - +2 hat
rElec  .         Dismiss  .     d - +0 cloak
rCorr  .         Reflect  .     (no gloves)
SustAt .         Harm     .     x - +0 pair of boots
MR     +....                    (no amulet)
Stlth  +++++.....               (no ring)
                                (no ring)

@: drained, somewhat resistant to hostile enchantments, quite stealthy
A: fangs 3, regeneration 2, magic shield, antimagic bite, no device heal 3, rot
immunity, inexperienced 1
a: Renounce Religion


You were on level 6 of the Dungeon.
You worshipped Ru.
Ru was aware of your devotion.
You were hungry.

You visited 2 branches of the dungeon, and saw 10 of its levels.

You collected 308 gold pieces.

Inventory:

Hand Weapons
 a - a +2 dagger
 b - a +0 blowgun
 C - a +0 dagger of venom (weapon)
Missiles
 e - 36 poisoned needles
 f - 2 curare-tipped needles
Armour
 c - a +0 robe (worn)
 d - a +0 cloak (worn)
 k - a +0 buckler (worn)
 q - a +2 hat (worn)
 x - a +0 pair of boots (worn)
Wands
 p - a wand of digging (9/24)
 y - a wand of acid (8/15)
 E - a wand of iceblast (4/15)
 H - a wand of acid (4/15)
Scrolls
 l - 2 scrolls of fear
 m - 3 scrolls of recharging {unknown}
 n - 3 scrolls of enchant weapon
 o - 3 scrolls of teleportation {unknown}
 r - a scroll of random uselessness {unknown}
 w - 4 scrolls of immolation {unknown}
 A - 3 scrolls of enchant armour {unknown}
 B - 3 scrolls of remove curse {unknown}
 F - 3 scrolls of identify
 G - a scroll of noise {unknown}
Potions
 h - 4 potions of curing
 s - a potion of heal wounds {unknown}
 t - a potion of ambrosia
 u - 3 potions of agility
 D - a potion of flight {unknown}
Books
 z - a book of Alchemy

   Spells                             Type                      Level
   a - Sublimation of Blood           Necromancy                   2
   b - Ignite Poison                  Fire/Transmutation/Poison    3
   c - Petrify                        Transmutation/Earth          4
   d - Alistair's Intoxication        Transmutation/Poison         5
   e - Irradiate                      Conjuration/Transmutation    5
Comestibles
 g - 8 bread rations
 i - 5 meat rations
 j - 3 beef jerkies
 v - 8 slices of pizza


   Skills:
 + Level 6.4(6.0) Fighting
 + Level 6.8(6.4) Short Blades
 - Level 6.2(5.9) Throwing
 - Level 0.7(0.4) Dodging
 + Level 10.0(9.6) Stealth
 + Level 2.5(2.1) Shields


You had 8 spell levels left.
You didn't know any spells.

Dungeon Overview and Level Annotations

Branches:
Dungeon (9/15)             Temple (1/1) D:5
   Lair: D:8-11         Orc: D:9-12

Altars:
Ashenzari
Cheibriados
Dithmenos
Elyvilon
Fedhas
Gozag
Kikubaaqudgha
Makhleb
Nemelex Xobeh
Okawaru
Pakellas
Qazlal
Ru
Trog
Vehumet
Xom
Yredelemnul
Zin
The Shining One
Lugonu

Shops:
D:6 (

Annotations:
D:3 exclusion: oklob plant


Innate Abilities, Weirdness & Mutations

You have razor-sharp teeth.
You heal very quickly.
When hurt, damage is shared between your health and your magic reserves.
Your bite disrupts and absorbs the magic of your enemies.
Potions and wands cannot restore your health.
You are immune to rotting.
You are somewhat inexperienced (-2 XL).


Message History

A jackal comes into view.
The giant gecko closely misses you.
The jackal bites you but does no damage.
Found a scroll labeled ONOIDALOOH.
You block the jackal's attack.
The giant gecko bites you but does no damage.
The jackal is stunned by your will and fails to attack.
The jackal misses you.
There is a stone staircase leading up here.
The orc warrior zaps a wand.
The bolt of lightning hits the giant gecko.
The giant gecko dies!
The bolt of lightning hits the jackal.
The jackal dies!
The bolt of lightning hits the jackal.
The jackal dies!
The bolt of lightning misses the jackal.
The bolt of lightning hits you!
Helpless, you fail to dodge the bolt of lightning.
You die...

###########.#######
..........#........
.....[....#.#######
....<.....#........
....)[....#.######.
....[.....#.######.
....[.....#........
............######.
..........o.†††h@#
..........oo######?#
#########.#........#
# #.#..###### #
#.#..#
#########.#.o#
..........o..##
..............#
............#.###


You could see an orc warrior, an orc priest, an orc and a jackal.

Vanquished Creatures
  Pikel (D:5)
  Joseph (D:8)
  A human (D:7)
  Edmund (D:5)
  An ice beast (D:5)
  An orc warrior (D:5)
  3 sky beasts
  2 slaves (D:5)
  2 ogres
  A giant frog (D:7)
  3 scorpions
  4 wights (D:7)
  2 crimson imps
  3 jellies
  9 orc priests
  A centaur skeleton (D:7)
  3 hounds
  12 orc wizards
  2 iguanas
  11 worker ants
  4 sheep (D:7)
  A howler monkey skeleton (D:7)
  8 adders
  4 gnolls (D:8)
  2 shadow imps
  An ooze (D:3)
  2 adder skeletons (D:4)
  3 worms
  A dart slug (D:1)
  5 giant geckos
  34 orcs
  2 ball pythons
  5 giant cockroaches
  2 hobgoblins
  4 quokkas
  7 bats
  2 giant newts (D:1)
  5 goblins
  2 kobolds
  A quokka zombie (D:5)
  6 rats
165 creatures vanquished.

Vanquished Creatures (others)
  An adder (D:5)
  A giant gecko (D:6)
  2 jackals (D:6)
  A fungus (D:3)
  A plant (D:3)
  17 toadstools (D:3)
23 creatures vanquished.

Grand Total: 188 creatures vanquished

Notes
Turn   | Place    | Note
--------------------------------------------------------------
     0 | D:1      | oplop the Vine Stalker Assassin began the quest for the Orb.
     0 | D:1      | Reached XP level 1. HP: 11/11 MP: 2/2
    21 | D:1      | Reached skill level 5 in Stealth
    58 | D:1      | Reached XP level 2. HP: 15/15 MP: 3/3
   785 | D:2      | Reached XP level 3. HP: 17/18 MP: 4/4
   842 | D:2      | Found a sparkling altar of Nemelex Xobeh.
  1331 | D:3      | Found a basalt altar of Yredelemnul.
  1333 | D:3      | Found a snail-covered altar of Cheibriados.
  1504 | D:3      | Reached XP level 4. HP: 7/23 MP: 3/5
  1821 | D:3      | Found a blossoming altar of Fedhas.
  1869 | D:3      | Reached XP level 5. HP: 22/27 MP: 6/6
  2161 | D:3      | Noticed an oklob plant
  2315 | D:4      | Reached skill level 6 in Stealth
  2334 | D:4      | Gained mutation: You heal very quickly. [Vine Stalker growth]
  2334 | D:4      | Reached XP level 6. HP: 32/32 MP: 7/7
  2633 | D:4      | Found a shadowy altar of Dithmenos.
  2954 | D:5      | Entered Level 5 of the Dungeon
  3090 | D:5      | Noticed Edmund
  3102 | D:5      | Killed Edmund
  3102 | D:5      | Reached XP level 7. HP: 34/36 MP: 8/8
  3115 | D:5      | Found a staircase to the Ecumenical Temple.
  3144 | Temple   | Entered the Ecumenical Temple
  3188 | Temple   | Became a worshipper of Ru the Awakened
  3297 | D:5      | Noticed Pikel
  3298 | D:5      | Reached skill level 7 in Stealth
  3384 | D:5      | Killed Pikel
  3384 | D:5      | Gained mutation: You have razor-sharp teeth. [Vine Stalker growth]
  3384 | D:5      | Reached XP level 8. HP: 34/42 MP: 5/9
  3460 | D:5      | Reached skill level 8 in Stealth
  3536 | D:5      | Reached skill level 5 in Throwing
  3680 | D:5      | Reached skill level 5 in Short Blades
  3796 | D:5      | Reached skill level 5 in Fighting
  4176 | D:6      | Reached XP level 9. HP: 13/47 MP: 4/10
  4281 | D:6      | Found Coycisol's Weapon Boutique.
  4324 | D:6      | HP: 2/47 [orc priest/divine providence (12)]
  4436 | D:6      | You fall through a shaft for 3 floors!
  4571 | D:8      | Noticed Joseph
  4577 | D:8      | Killed Joseph
  4577 | D:8      | Reached skill level 9 in Stealth
  4684 | D:8      | Gained mutation: You are somewhat inexperienced (-2 XL). [Ru sacrifice]
  4684 | D:8      | Reached XP level 8. HP: 44/44 MP: 9/9
  4684 | D:8      | Reached XP level 7. HP: 39/39 MP: 8/8
  4684 | D:8      | Reached * piety under Ru
  4768 | D:8      | Found a shimmering altar of Xom.
  4793 | D:8      | Reached XP level 8. HP: 38/44 MP: 9/9
  4825 | D:8      | Found an iron altar of Okawaru.
  4826 | D:8      | Found a white marble altar of Elyvilon.
  4832 | D:8      | Found a shimmering altar of Xom.
  4833 | D:8      | Found a blossoming altar of Fedhas.
  4833 | D:8      | Found an ancient bone altar of Kikubaaqudgha.
  4834 | D:8      | Found a shattered altar of Ashenzari.
  4835 | D:8      | Found a radiant altar of Vehumet.
  4837 | D:8      | Found a burning altar of Makhleb.
  5267 | D:7      | Reached skill level 1 in Shields
  5341 | D:7      | Found a glowing silver altar of Zin.
  5787 | D:6      | Reached XP level 9. HP: 49/49 MP: 10/10
  5851 | D:6      | Reached skill level 10 in Stealth
  5962 | D:6      | Killed from afar by an orc warrior

Skill      XL: |  1  2  3  4  5  6  7  8  9 |
---------------+----------------------------+-----
Stealth        | 5 6 7 8 10 | 10.0
Fighting       | 2 3 4 6 |  6.4
Short Blades   | 2 3 6 5 |  6.8
Throwing       | 2 3 4 5 6 |  6.2
Shields        | 2 |  2.5
Dodging        | |  0.7

Action                   |  1- 3 |  4- 6 |  7- 9 || total
-------------------------+-------+-------+-------++-------
Melee: Dagger            |    63 |   141 |   281 ||   485
       Bite              |    22 |    38 |   106 ||   166
 Fire: Blowgun           |       |    27 |    67 ||    94
Invok: Sacrifice Experie |       |       |     1 ||     1
  Use: Scroll            |       |     6 |     2 ||     8
       Potion            |       |       |     1 ||     1
 Stab: Sleeping          |    17 |     7 |    24 ||    48
       Distracted        |       |       |     3 ||     3
  Eat: Chunk             |       |     7 |     9 ||    16
Armor: Robe              |    19 |    29 |    85 ||   133
Dodge: Dodged            |    37 |    67 |   147 ||   251
Block: Buckler           |       |       |    27 ||    27
